 Dungeon Crawl Stone Soup version 0.14-a0-2881-g20de702 (webtiles) character file.

27815 4tharraofdagon the Carver (level 13, -1/114 HPs)
             Began as a Naga Venom Mage on Feb 27, 2014.
             Was the Champion of Makhleb.
             Slain by a five-headed hydra (2 damage)
             ... on Level 8 of the Lair of Beasts on Feb 28, 2014.
             The game lasted 01:37:14 (12561 turns).

4tharraofdagon the Carver (Naga Venom Mage)        Turns: 12561, Time: 01:37:14

HP  -1/114       AC 14     Str 11      XL: 13   Next: 30%
MP  21/26        EV 16     Int 21      God: Makhleb [******]
Gold 722         SH  0     Dex 19      Spells:  7 memorised,  2 levels left

rFire  + . .     SeeInvis +     n - +4 Sword of Power
rCold  + . .     Clarity  +     Q - -1 troll leather armour
rNeg   . . .     Conserve .     (no shield)
rPois  +         rCorr    .     O - +2 hat of the Alchemist {rElec rF+ rC+ MR+}
rElec  +         rRot     .     (no cloak)
SustAb . .       Spirit   .     P - +0 pair of gloves {Dex+3}
rMut   .         Warding  .     (no barding)
Saprov . . .     Stasis   .     k - amulet of clarity
MR     ++...                    T - +5 ring of protection
                                a - ring of regeneration

@: agile, very slow, very resistant to hostile enchantments, quite stealthy
A: spit poison, constrict 1, see invisible, deformed body, poison resistance,
slowness 2, AC +4
a: Spit Poison, Minor Destruction, Lesser Servant of Makhleb, Major Destruction,
Greater Servant of Makhleb, Renounce Religion


You were on level 8 of the Lair of Beasts.
You worshipped Makhleb.
Makhleb was exalted by your worship.
You were not hungry.

You visited 3 branches of the dungeon, and saw 22 of its levels.
You also visited: Labyrinth.

You collected 953 gold pieces.
You spent 231 gold pieces at shops.

Inventory:

Hand weapons
 n - the +4,+4 Sword of Power (weapon)
   (You found it in a labyrinth)
 F - the +7,+8 demon blade "Bloodbane" {slice, *Rage +Rage Stlth-}
   (You found it in a labyrinth)

   It inflicts extra damage upon your enemies.
   It lets you go berserk.
   It may make you go berserk in combat.
   It makes you less stealthy.
Armour
 I - a +2 robe of magic resistance
 O - the +2 hat of the Alchemist (worn) {rElec rF+ rC+ MR+}
   (You found it in a labyrinth)

   It protects you from fire.
   It protects you from cold.
   It insulates you from electricity.
   It affects your resistance to hostile enchantments.
 P - a +0 pair of gloves of dexterity (worn)
 Q - a -1 troll leather armour (worn)
Magical devices
 g - a wand of fireball (3)
 C - a wand of lightning (0)
 W - a wand of digging (15)
Comestibles
 c - 14 bread rations
 l - 6 meat rations
 r - a royal jelly
Scrolls
 j - 3 scrolls of fog
 s - 6 scrolls of amnesia
 u - 4 scrolls of enchant weapon I
 v - a scroll of enchant weapon II
 x - 5 scrolls of teleportation
 y - 4 scrolls of remove curse
Jewellery
 a - a ring of regeneration (left hand)
 k - an amulet of clarity (around neck)
 m - an uncursed ring of protection from fire
 p - an uncursed amulet of stasis
 w - an uncursed ring of positive energy {unknown}
 H - the amulet "Nodyt" {rMut rC++ MR++ Int-5}
   (You found it on level 7 of the Dungeon)

   [amulet of resist mutation]

   It affects your intelligence (-5).
   It greatly protects you from cold.
   It affects your resistance to hostile enchantments.
 J - an uncursed ring of sustain abilities
 T - a +5 ring of protection (right hand)
 V - an uncursed ring of protection from cold
Potions
 d - 2 potions of resistance
 e - 2 potions of lignification
 f - 8 potions of curing
 i - 3 potions of brilliance
 q - a potion of agility
 z - 3 potions of heal wounds
 E - 4 potions of might
 M - 2 potions of magic
 N - 2 potions of speed
 S - a potion of restore abilities
 Y - 2 potions of flight
Books
 D - a book of Transfigurations

   Spells                             Type                      Level
   *Stoneskin                         Transmutation/Earth          2
   Ice Form                           Ice/Transmutation            4
   Statue Form                        Transmutation/Earth          6
   Dragon Form                        Transmutation                7
 L - a book of Power

   Spells                             Type                      Level
   Fulminant Prism                    Conjuration/Hexes            4
   Iskenderun's Mystic Blast          Conjuration                  4
   *Venom Bolt                        Conjuration/Poison           5
   Bolt of Magma                      Conjuration/Fire/Earth       5
   Iron Shot                          Conjuration/Earth            6
   Orb of Destruction                 Conjuration                  7
Magical staves
 B - an uncursed staff of energy
Miscellaneous
 b - an ornate deck of changes
 h - a phial of floods
 o - a lamp of fire (inert)
 X - a fan of gales
 Z - a phial of floods


   Skills:
 + Level 6.6 Fighting
 * Level 11.4 Long Blades
   Level 7.4 Maces & Flails
 + Level 5.7 Armour
 + Level 3.4 Dodging
 - Level 3.0 Stealth
   Level 4.4 Shields
 - Level 6.0 Spellcasting
 - Level 8.6 Conjurations
 - Level 4.8 Fire Magic
 - Level 5.3 Poison Magic
 - Level 6.1 Evocations


You had 2 spell levels left.
You knew the following spells:

 Your Spells              Type           Power        Failure   Level  Hunger
a - Sting                 Conj/Pois      ####         1%          1    None
b - Olgreb's Toxic Radia  Pois           ####....     14%         4    ####...
c - Mephitic Cloud        Conj/Pois/Air  ####....     4%          3    ##.....
d - Stoneskin             Trmt/Erth      #.........   14%         2    None
e - Venom Bolt            Conj/Pois      #####.....   17%         5    #####..
f - Conjure Flame         Conj/Fire      ####....     1%          3    ##.....
g - Sticky Flame          Conj/Fire      ####....     8%          4    ####...


Dungeon Overview and Level Annotations

Branches:
Dungeon (13/16)            Temple (1/1) D:4             Orc (0/4) D:9
   Lair (8/8) D:10          Snake (0/5) Lair:6        Slime (0/6) Lair:7
  Swamp: Lair:3-6    Shoals: Lair:3-6    Spider: Lair:3-6

Altars:
Ashenzari
Cheibriados
Dithmenos
Elyvilon
Fedhas
Makhleb
Nemelex Xobeh
Okawaru
Sif Muna
Trog
Vehumet
Xom
Yredelemnul
Zin
The Shining One

Shops:
D:9 ?:   D:12 ((

Annotations:
D:3 letownia's ghost, average HaAM
D:9 exclusion: downstairs
D:13 Psyche


Innate Abilities, Weirdness & Mutations

You cannot wear boots.
You can spit poison.
You can use your snake-like lower body to constrict enemies.
Your serpentine skin is tough (AC +4).
You have supernaturally acute eyesight.
Armour fits poorly on your strangely shaped body.
Your system is resistant to poisons.
You cover ground very slowly.


Message History

Unknown command.
Evoke which item? (* to show all) (? for menu, Esc to quit)
Aim the lamp in which direction?
Press: ? - help, Dir - move target cursor The flames dance!
You constrict the fire drake. The crocodile bites you!
* * * LOW HITPOINT WARNING * * *
The fire drake is engulfed in roaring flames.
The fire drake breathes flames at you. The blast of flame hits you! You resist.
One of your 5 scrolls of enchant weapon I catches fire!
* * * LOW HITPOINT WARNING * * *
The five-headed hydra is engulfed in roaring flames.
The five-headed hydra completely misses you.
The five-headed hydra bites you!
* * * LOW HITPOINT WARNING * * *
The five-headed hydra completely misses you.
The five-headed hydra bites you!
* * * LOW HITPOINT WARNING * * *
The five-headed hydra bites you.
You die...

f.........)## ###.#.#..
......?....###..(......
...%.....%%.#.<.........
.Y......%..../..........
..P....................
..............(.......[
......%...............
P.....................
........@§§............
.......ltD.§§§<........
..............§.........
..P.........#..§..P....
...............E.P..(..
...........#..........
(...........#...P..#.
........P.#..#......
P......PP.f...P...


You could see a five-headed hydra, a fire drake, a crocodile and a friendly fire
elemental.

Vanquished Creatures
  Fannar (Lair:2)
  A minotaur (Lab)
  Josephine (D:11)
  A hydra (Lair:3)
  Nergalle (Lair:1)
  An unseen horror (D:10)
  A black mamba (Lair:6)
  7 spiny frogs
  A centaur zombie (D:11)
  Grinder (D:6)
  3 komodo dragons
  2 trolls
  A brown ooze (Lair:7)
  A shadow (Lab)
  43 yaks
  A wyvern (D:9)
  2 basilisks
  4 hippogriffs
  A fire elemental (D:12)
  Eustachio (D:9)
  Grum (D:8)
  14 wolves
  A necrophage (D:6)
  9 porcupines
  2 sky beasts (D:11)
  3 orc warriors
  6 ogres
  5 centaurs
  2 black bears
  3 phantoms
  2 ice beasts (Lair:2)
  7 big kobolds (D:8)
  11 crocodiles
  9 giant slugs
  10 water moccasins
  13 giant frogs
  A yak zombie (D:9)
  A vampire bat (D:3)
  14 killer bees
  A hippogriff zombie (D:11)
  A troll skeleton (Lab)
  3 goliath beetles
  5 hounds
  5 crimson imps
  A giant frog zombie (D:12)
  4 orc priests
  2 basilisk zombies (D:11)
  2 giant frog skeletons
  9 iguanas
  3 centaur skeletons (Lab)
  11 orc wizards
  5 scorpions
  9 worker ants
  21 sheep
  Ijyb (D:2)
  Jessica (D:3)
  A brain worm zombie (D:11)
  A crocodile zombie (D:12)
  2 hound zombies
  A worker ant zombie (D:11)
  29 green rats
  4 gnolls (D:3)
  11 adders
  An orc skeleton (D:7)
  An inept feature mimic (D:2)
  9 worms
  An adder zombie (D:6)
  An orc zombie (D:6)
  A giant eyeball (D:12)
  9 giant geckos
  An ooze (Lair:7)
  31 orcs
  An orc simulacrum (D:10)
  5 giant cockroaches
  13 hobgoblins
  15 jackals
  18 kobolds
  11 quokkas
  2 ball pythons
  27 bats
  3 giant newts
  2 giant spores
  20 goblins
  14 rats
  5 ballistomycetes (D:12)
  A fungus (Lair:1)
514 creatures vanquished.

Vanquished Creatures (collateral kills)
  A green rat (Lair:1)
1 creature vanquished.

Vanquished Creatures (others)
  A cyclops (D:12)
  An orc wizard (D:12)
  A giant gecko (Lair:2)
  2 fungi (Lair:6)
  A plant (Lair:6)
6 creatures vanquished.

Grand Total: 521 creatures vanquished

Notes
Turn   | Place    | Note
--------------------------------------------------------------
     0 | D:1      | 4tharraofdagon, the Naga Venom Mage, began the quest for the Orb.
     0 | D:1      | Reached XP level 1. HP: 15/15 MP: 3/3
   224 | D:1      | Reached XP level 2. HP: 22/22 MP: 4/4
   232 | D:1      | Reached skill level 1 in Conjurations
   693 | D:2      | Reached XP level 3. HP: 30/30 MP: 1/6
   796 | D:2      | Reached skill level 1 in Fighting
   812 | D:2      | Learned a level 2 spell: Cure Poison
   816 | D:2      | Learned a level 3 spell: Mephitic Cloud
   827 | D:2      | Noticed Ijyb
   834 | D:2      | Killed Ijyb
   847 | D:2      | Reached XP level 4. HP: 38/38 MP: 5/8
  1130 | D:3      | Reached skill level 1 in Shields
  1239 | D:3      | Reached XP level 5. HP: 10/45 MP: 3/9
  1465 | D:3      | Learned a level 4 spell: Olgreb's Toxic Radiance
  1592 | D:3      | Noticed letownia's ghost (average HaAM)
  1611 | D:3      | Found a snail-covered altar of Cheibriados.
  1718 | D:4      | Found a staircase to the Ecumenical Temple.
  1728 | Temple   | Entered the Ecumenical Temple
  1778 | Temple   | Became a worshipper of Makhleb the Destroyer
  2016 | D:3      | Reached XP level 6. HP: 41/52 MP: 7/11
  2152 | D:3      | Noticed Jessica
  2159 | D:3      | Killed Jessica
  2419 | D:4      | Found a sparkling altar of Nemelex Xobeh.
  2561 | D:5      | Entered Level 5 of the Dungeon
  2566 | D:5      | Got a bloodstained whip
  2567 | D:5      | Identified the +9,+3 whip of Prescription {slash, rElec rPois MR++ Int-4 SInv} (You found it on level 5 of the Dungeon)
  2653 | D:4      | Found a bloodstained altar of Trog.
  2782 | D:3      | Reached skill level 1 in Evocations
  2956 | D:5      | Reached skill level 1 in Maces & Flails
  3148 | D:6      | Reached XP level 7. HP: 61/61 MP: 7/14
  3302 | D:6      | Acquired Makhleb's first power
  3443 | D:6      | Noticed Grinder
  3455 | D:6      | Learned a level 2 spell: Stoneskin
  3475 | D:6      | Killed Grinder
  3475 | D:6      | Reached skill level 1 in Armour
  3475 | D:6      | Reached XP level 8. HP: 66/69 MP: 14/16
  3938 | D:6      | Reached skill level 5 in Conjurations
  4115 | D:6      | Noticed a necrophage
  4167 | D:6      | Killed a necrophage
  4178 | D:6      | Found a deep blue altar of Sif Muna.
  4314 | D:7      | Noticed a hill giant
  4650 | D:7      | Gained mutation: You possess an exceptional clarity of mind. [potion of mutation]
  4650 | D:7      | Gained mutation: You are somewhat resistant to further mutation. [potion of mutation]
  4752 | D:7      | Acquired Makhleb's second power
  4790 | D:7      | Got a steaming lead amulet
  5123 | D:7      | Found a radiant altar of Vehumet.
  5123 | D:7      | Found a bloodstained altar of Trog.
  5320 | D:8      | Noticed Grum
  5357 | D:8      | Reached XP level 9. HP: 75/78 MP: 13/19
  5368 | D:8      | Reached skill level 6 in Conjurations
  5385 | D:8      | Killed Grum
  5889 | D:8      | Reached skill level 5 in Maces & Flails
  6231 | D:9      | Noticed Eustachio
  6248 | D:9      | Killed Eustachio
  6333 | D:9      | Found a blossoming altar of Fedhas.
  6375 | D:9      | Reached skill level 7 in Conjurations
  6434 | D:9      | Found Zoloust's Book Boutique.
  6486 | D:9      | Acquired Makhleb's third power
  6486 | D:9      | Reached XP level 10. HP: 87/87 MP: 19/21
  6643 | D:9      | Found Tat Oqag's Magic Scroll Boutique.
  6651 | D:9      | Bought a scroll of identify for 28 gold pieces
  6651 | D:9      | Bought a scroll of magic mapping for 49 gold pieces
  6651 | D:9      | Bought a scroll of enchant weapon II for 77 gold pieces
  6651 | D:9      | Bought a scroll of enchant weapon I for 77 gold pieces
  6652 | D:9      | Identified the amulet "Nodyt" {rMut rC++ MR++ Int-5} (You found it on level 7 of the Dungeon)
  6805 | D:9      | Found a staircase to the Orcish Mines.
  6811 | D:9      | Reached skill level 5 in Evocations
  7080 | D:9      | Reached skill level 5 in Fighting
  7125 | D:10     | Entered Level 10 of the Dungeon
  7125 | D:10     | Noticed Nergalle
  7129 | D:9      | Upgraded the game from 0.14-a0-2848-g1d0399b to 0.14-a0-2881-g20de702
  7199 | D:10     | Noticed an unseen horror
  7349 | D:10     | Reached skill level 5 in Spellcasting
  7480 | D:10     | Found a staircase to the Lair.
  7719 | D:11     | Reached skill level 8 in Conjurations
  7756 | D:11     | Learned a level 5 spell: Venom Bolt
  7815 | D:10     | Killed an unseen horror
  7915 | D:10     | Acquired Makhleb's fourth power
  8032 | D:11     | Reached XP level 11. HP: 39/96 MP: 23/23
  8250 | D:12     | Found Oxtioqot's Weapon Shoppe.
  8283 | D:12     | Found Agrarr's Weapon Boutique.
  8420 | D:12     | Found a labyrinth entrance.
  8435 | Lab      | Entered a labyrinth
  8668 | Lab      | Found an exit through the horrors of the Abyss.
  8869 | Lab      | Noticed a minotaur
  8876 | Lab      | Killed a minotaur
  8881 | Lab      | Got a slimy platinum ring
  8889 | Lab      | Identified the ring "Suabam" {Hunger Str-1 Int-5} (You found it in a labyrinth)
  9178 | D:12     | Reached skill level 1 in Long Blades
  9385 | D:11     | Learned a level 3 spell: Conjure Flame
  9428 | D:13     | Noticed Psyche
  9428 | D:13     | Noticed a centaur warrior
  9577 | D:11     | Noticed Josephine
  9595 | D:11     | Killed Josephine
  9595 | D:11     | Reached skill level 5 in Armour
  9767 | D:10     | Reached skill level 5 in Long Blades
  9804 | Lair:1   | Entered Level 1 of the Lair of Beasts
  9820 | Lair:1   | Killed Nergalle
  9865 | Lair:1   | Acquired Makhleb's fifth power
  9875 | Lair:1   | Reached XP level 12. HP: 89/105 MP: 6/25
 10098 | Lair:1   | Learned a level 4 spell: Sticky Flame
 10178 | Lair:1   | Reached skill level 1 in Fire Magic
 10545 | Lair:2   | Reached skill level 9 in Long Blades
 10734 | Lair:2   | Noticed Fannar
 10785 | Lair:2   | Killed Fannar
 11082 | Lair:3   | Reached skill level 10 in Long Blades
 11152 | Lair:3   | Lost mutation: You are somewhat resistant to further mutation. [potion of cure mutation]
 11152 | Lair:3   | Lost mutation: You possess an exceptional clarity of mind. [potion of cure mutation]
 11153 | Lair:3   | D
 11215 | Lair:3   | Noticed a four-headed hydra
 11226 | Lair:3   | Killed a four-headed hydra
 11781 | Lair:5   | Reached XP level 13. HP: 105/111 MP: 18/26
 11907 | Lair:6   | Found a burning altar of Makhleb.
 11916 | Lair:6   | Found a staircase to the Snake Pit.
 11973 | Lair:6   | Identified a scroll of acquirement
 11974 | Lair:6   | Got a faintly glowing helmet
 11986 | Lair:6   | Identified the -5 helmet "Nudwoxt" {Acc+4 Dam+4} (You acquired it on level 6 of the Lair of Beasts)
 12021 | Lair:6   | Reached skill level 11 in Long Blades
 12431 | Lair:7   | Found a staircase to the Slime Pits.
 12509 | Lair:8   | Entered Level 8 of the Lair of Beasts
 12561 | Lair:8   | HP: 1/114 [five-headed hydra (13)]
 12561 | Lair:8   | Slain by a five-headed hydra

Action                   |  1- 3 |  4- 6 |  7- 9 | 10-12 | 13-15 || total
-------------------------+-------+-------+-------+-------+-------++-------
Melee: Unarmed           |     4 |       |       |       |       ||     4
       Hand axe          |     8 |    53 |       |       |       ||    61
       Staff             |       |    14 |       |       |       ||    14
       Whip              |       |    22 |   307 |   331 |       ||   660
       Demon blade       |       |       |       |   445 |       ||   445
       Great sword       |       |       |       |    55 |   151 ||   206
Throw: Javelin           |       |    18 |    14 |       |       ||    32
 Cast: Sting             |    20 |    98 |    70 |   134 |       ||   322
       Mephitic Cloud    |       |     3 |    23 |    28 |       ||    54
       Olgreb's Toxic Ra |       |       |     3 |     9 |       ||    12
       Stoneskin         |       |       |     1 |       |       ||     1
       Venom Bolt        |       |       |       |    25 |       ||    25
       Conjure Flame     |       |       |       |     8 |     7 ||    15
       Sticky Flame      |       |       |       |     3 |       ||     3
 Abil: Spit Poison       |    21 |    29 |    37 |    34 |       ||   121
Evoke: Wand              |       |       |     5 |    15 |     2 ||    22
       Staff of energy   |       |       |       |    50 |       ||    50
       Lamp of fire      |       |       |       |     1 |     1 ||     2
  Use: Scroll            |       |    12 |     9 |    19 |     6 ||    46
       Potion            |       |     2 |     6 |     3 |     1 ||    12
 Stab: Sleeping          |       |     1 |     4 |     4 |     2 ||    11
       Confused          |       |       |     5 |     9 |       ||    14
       Distracted        |       |       |       |     1 |       ||     1
